 Dungeon Crawl Stone Soup version 0.31-a0-300-g4ac5daa9c1 (webtiles) character file.

Game seed: 5432438408751107341

6809 jt the Mimic (level 11, -3/94 HPs)
             Began as a Naga Shapeshifter on July 17, 2023.
             Was an Initiate of Gozag.
             Slain by a komodo dragon (25 damage)
             ... on level 1 of the Lair of Beasts.
             The game lasted 00:33:01 (11309 turns).

jt the Mimic (Naga Shapeshifter)                   Turns: 11309, Time: 00:33:01

Health: -3/94      AC: 12    Str: 22    XL:     11   Next: 5%
Magic:  11/11      EV:  8    Int: 14    God:    Gozag
Gold:   605        SH:  0    Dex: 12    Spells: 10/10 levels left

rFire   . .          .
                       - Unarmed
rCold   + + .        (shield currently unavailable)
rNeg    . . .        H - +2 leather armour {Will+}
rPois   +            x - +1 helmet {SInv}
rElec   .            K - +0 cloak
rCorr   .            (gloves currently unavailable)
SInv    +            b - -1 barding
Will    ++...        (no amulet)
Stlth   ++           e - ring of protection from cold
HPRegen 0.35/turn    i - +6 ring of intelligence
MPRegen 0.12/turn

%: no passive effects
@: lethally poisoned (-3 -> -7), blade hands, gold aura, very slow
A: AC +3, large, see invisible, deformed body, poison resistance, slowness 2,
spit poison 1, naga tail 1, cold resistance 1
a: Spit Poison, Begin Untransformation, Renounce Religion, Potion Petition, Call
Merchant, Bribe Branch


You were on level 1 of the Lair of Beasts.
You worshipped Gozag.
Gozag was pleased with you.
You had blades for hands.
You visited 3 branches of the dungeon, and saw 11 of its levels.
You also visited: Sewer.

You collected 1798 gold pieces.
You spent 457 gold pieces at shops.
You paid 736 gold pieces to Gozag.

Inventory:

Hand Weapons
 a - a +3 morningstar
 d - a +0 whip
 p - a +0 hand axe
 s - a +0 spear of venom
 u - a +1 antimagic mace
 w - a +5 dagger
 A - a +0 trident
 C - a +0 sling
 F - a +0 shortbow
 I - a +2 war axe
 Q - a +3 mace of freezing
Missiles
 f - 27 poisoned darts
 l - 9 boomerangs
 r - 11 javelins
 G - 3 boomerangs of dispersal
 N - a curare-tipped dart
 S - 4 datura-tipped darts
Armour
 b - a -1 barding (worn)
 x - a +1 helmet of see invisible (worn)
 H - a +2 leather armour of willpower (worn)
 K - a +0 cloak (worn)
 R - the +3 buckler "Xyz Duqeni" {Rampage}
   (You found it on level 8 of the Dungeon)

   Rampage:   It bestows one free step when moving towards enemies.
Jewellery
 e - a ring of protection from cold (left blade hand)
 i - a +6 ring of intelligence (right blade hand)
 E - a +6 ring of intelligence
 T - a ring of protection from cold
Talismans
 c - a beast talisman
 k - a blade talisman
 q - a serpent talisman
Wands
 t - a wand of digging (9)
 B - a wand of flame (26)
 L - a wand of paralysis (14)
 M - a wand of iceblast (8)
Scrolls
 h - a scroll of immolation
 j - 3 scrolls of enchant weapon
 n - 4 scrolls of teleportation
 v - a scroll of poison
 y - a scroll of vulnerability
 J - a scroll of summoning {unknown}
 O - a scroll of fog {unknown}
 P - a scroll of fear {unknown}
Potions
 g - a potion of brilliance
 m - a potion of mutation
 o - 3 potions of cancellation
 z - 2 potions of might
 D - 3 potions of haste
 U - a potion of resistance {unknown}


   Skills:
 + Level 5.0 Fighting
 - Level 3.0 Armour
 - Level 4.0 Dodging
 - Level 4.0 Stealth
 + Level 5.0 Unarmed Combat
 - Level 2.0 Evocations
 + Level 11.8 Shapeshifting


You had 10 spell levels left.
You didn't know any spells.
Your spell library contained the following spells:

 Spells                   Type           Power      Damage    Failure   Level
 Freeze                   Ice            0%         1d3       75%         1
 Magic Dart               Conj           0%         1d3       75%         1
 Call Imp                 Summ           0%         N/A       85%         2
 Poisonous Vapours        Pois/Air       0%         N/A       85%         2
 Frozen Ramparts          Ice            0%         1d1       95%         3
 Gell's Gravitas          Tloc           0%         N/A       95%         3
 Hailstorm                Conj/Ice       0%         3d3       95%         3
 Ignite Poison            Fire/Tmut/Pois 0%         N/A       95%         3
 Mephitic Cloud           Conj/Pois/Air  0%         N/A       95%         3
 Ozocubu's Armour         Ice            0%         N/A       95%         3
 Teleport Other           Tloc           0%         N/A       95%         3
 Sticky Flame             Conj/Fire      0%         2d3       100%        4
 Freezing Cloud           Conj/Ice/Air   0%         6-21      100%        5
 Metabolic Englaciation   Hex/Ice        0%         N/A       100%        5
 Dispersal                Tloc           0%         N/A       100%        6
 Ignition                 Fire           0%         3d3       100%        8
 Simulacrum               Ice/Necr       Unusable   N/A       N/A         6

Dungeon Overview and Level Annotations

Branches:
Dungeon (9/15)             Temple (1/1) D:4            Lair (1/5) D:8
    Orc (0/2) D:9           Sewer (visited)

Altars:
Ashenzari
Cheibriados
Dithmenos
Elyvilon
Fedhas
Gozag
Hepliaklqana
Kikubaaqudgha
Makhleb
Nemelex Xobeh
Okawaru
Qazlal
Ru
Sif Muna
Trog
Uskayaw
Vehumet
Wu Jian
Xom
Yredelemnul
Zin
The Shining One

Shops:
D:1 [   D:3 *   D:6 *   D:8 **

Annotations:
D:7 Joseph


Innate Abilities, Weirdness & Mutations

You have blades for hands.
Your spellcasting is less reliable in this form.
You are incapable of wielding weapons or throwing items.
Your serpentine skin is tough. (AC +3)
You have supernaturally acute eyesight. (SInv)
Armour fits poorly on your strangely shaped body.
Your system is resistant to poisons. (rPois)
You cover ground very slowly.
You can spit poison.
You have a snake-like lower body.
Your flesh is cold resistant. (rC+)


Message History

The cane toad attacks as you move away! The cane toad stings you!!
You slash the cane toad!
The cane toad is moderately wounded.
The cane toad stings you.
You are poisoned.
The cane toad poisons you! The cane toad stings you.
You hit the cane toad.
The cane toad is heavily wounded.
You feel very sick. The cane toad closely misses you.
You slash the cane toad!
The cane toad is severely wounded.
You feel very sick. The cane toad stings you!
You slice the cane toad!!
You kill the cane toad!
You feel very sick. The komodo dragon bites you.
Your Fighting skill increases to level 5!
Your Unarmed Combat skill increases to level 5!
You slice the komodo dragon!!
The komodo dragon is heavily wounded.
You feel sick.
The komodo dragon is distracted by your dazzling golden aura.
You closely miss the komodo dragon.
The komodo dragon is no longer distracted by gold.
The komodo dragon hisses angrily.
The komodo dragon is heavily wounded.
You feel sick. The komodo dragon bites you!!
* * * LOW HITPOINT WARNING * * *
You slice the komodo dragon!!
You slash the komodo dragon, but do no damage.
The komodo dragon is almost dead.
You feel sick. The komodo dragon bites you.
* * * LOW HITPOINT WARNING * * *
You closely miss the komodo dragon.
The komodo dragon is almost dead.
You feel sick. The komodo dragon bites you!!
You die...
Your body crumbles into a pile of gold.

.....# .. #....♣ $ ..#
P.... ^...#####P..
.>.♣.......♣ ♣♣♣♣♣♣♣♣♣♣♣♣
...........♣ ♣..........♣
♣..#......♣ ♣..........♣
.###...l$..♣♣♣..######..♣
.........@...♣♣..#⌠...#..♣
#...#.#..####♣♣..'....#..♣
#............♣♣..'..<.#..♣
.............♣♣..'....#..♣
#...........♣♣♣..#⌠...#..♣
#...#.......♣ ♣..######..♣
#...#.......♣ ♣..........♣
##...#...>...♣ ♣..........♣
#............♣♣♣♣♣♣♣...♣♣♣♣


You could see a komodo dragon.

Vanquished Creatures
  A two-headed ogre (D:9)
  A cane toad (Lair:1)
  4 blink frogs (Lair:1)
  Prince Ribbit (D:8)
  A wyvern (D:9)
  A steam dragon (D:9)
  A warg (D:9)
  An acid dragon (D:8)
  4 water moccasins
  2 black bears
  An orc warrior (D:9)
  An ice beast (D:6)
  3 ogres
  5 centaurs
  A phantom (D:3)
  A bullfrog (D:7)
  3 kobold brigands
  2 scorpions (D:5)
  11 wights
  20 killer bees (D:9)
  5 howler monkeys
  6 hounds
  A gnoll bouda (D:8)
  7 orc priests
  A jelly (D:7)
  3 iguanas
  6 orc wizards
  Robin (D:4)
  4 gnolls (D:8)
  8 adders
  2 shadow imps (D:7)
  A white imp (D:5)
  3 ufetubi
  A worm (D:6)
  A dart slug (D:2)
  27 orcs
  17 bats
  5 endoplasms
  2 giant cockroaches (D:1)
  13 goblins
  13 hobgoblins
  3 jackals (D:1)
  2 quokkas (D:6)
  9 ball pythons
  2 frilled lizards (D:1)
  11 kobolds
  5 rats
224 creatures vanquished.

Notes
Turn   | Place    | Note
-------+----------+-------------------------------------------
     0 | D:1      | jt the Naga Shapeshifter began the quest for the Orb.
     0 | D:1      | Reached XP level 1. HP: 19/19 MP: 1/1
    45 | D:1      | Reached skill level 1 in Stealth
   240 | D:1      | Reached XP level 2. HP: 19/26 MP: 2/2
   279 | D:1      | Found Donuucam's Antique Armour Boutique.
   503 | D:1      | Reached XP level 3. HP: 20/32 MP: 3/3
  1033 | D:2      | Found an opulent altar of Gozag.
  1047 | D:2      | Became a worshipper of Gozag Ym Sagoz the Greedy
  1561 | D:3      | Found Lodower's General Store.
  1576 | D:3      | Bought a scroll of identify for 26 gold pieces
  1656 | D:3      | Reached XP level 4. HP: 40/40 MP: 4/4
  1735 | D:3      | Noticed a phantom
  1750 | D:3      | Killed a phantom
  1751 | D:3      | Reached XP level 5. HP: 46/46 MP: 5/5
  2323 | D:4      | Noticed Robin
  2334 | D:4      | Killed Robin
  2518 | D:4      | Found a hide-covered altar of Uskayaw.
  2712 | D:4      | Reached skill level 4 in Shapeshifting
  2712 | D:4      | Reached XP level 6. HP: 34/56 MP: 6/6
  3036 | D:3      | Bought a wand of flame (15) for 136 gold pieces
  3397 | D:4      | Found a staircase to the Ecumenical Temple.
  3454 | Temple   | Entered the Ecumenical Temple
  3733 | D:5      | Entered Level 5 of the Dungeon
  3733 | D:5      | Noticed a black bear
  3790 | D:5      | Gained mutation: Your flesh is cold resistant. (rC+)
                  | [potion of mutation]
  3797 | D:5      | Killed a black bear
  3798 | D:5      | Reached XP level 7. HP: 48/62 MP: 7/7
  4350 | D:5      | Reached skill level 5 in Shapeshifting
  4429 | D:5      | Reached XP level 8. HP: 72/72 MP: 8/8
  4839 | D:6      | Found Vuenojim's Lightly-Used Armoury.
  4847 | D:6      | Bought a -1 barding for 180 gold pieces
  5020 | D:6      | Found an ancient bone altar of Kikubaaqudgha.
  5025 | D:6      | Found a shimmering altar of Xom.
  5029 | D:6      | Found a snail-covered altar of Cheibriados.
  5141 | D:6      | Found a glowing drain.
  5165 | Sewer    | Entered a sewer
  5851 | D:1      | Bought a glowing leather armour for 115 gold pieces
  5964 | D:6      | Reached skill level 1 in Armour
  6319 | D:6      | Reached skill level 6 in Shapeshifting
  6440 | D:7      | Noticed Joseph
  6564 | D:7      | Found a blossoming altar of Fedhas.
  6653 | D:7      | Reached XP level 9. HP: 53/80 MP: 9/9
  7235 | D:7      | Reached skill level 7 in Shapeshifting
  7742 | D:8      | Reached skill level 1 in Evocations
  8159 | D:8      | Identified the +3 buckler "Xyz Duqeni" {Rampage}
  8213 | D:8      | Found Imim's Elemental Accessories.
  8234 | D:8      | Found Veurph's Changing Room.
  8533 | D:8      | Reached skill level 8 in Shapeshifting
  8581 | D:8      | Found a glowing golden altar of the Shining One.
  8610 | D:8      | Found a staircase to the Lair.
  9238 | D:9      | Reached skill level 9 in Shapeshifting
  9309 | D:9      | Reached XP level 10. HP: 87/87 MP: 10/10
  9548 | D:9      | Noticed a two-headed ogre
  9562 | D:9      | Killed a two-headed ogre
  9563 | D:9      | Reached skill level 10 in Shapeshifting
 10040 | D:9      | Found a staircase to the Orcish Mines.
 10061 | D:9      | Found an ornate altar of the Wu Jian Council.
 10528 | D:8      | Reached skill level 11 in Shapeshifting
 10644 | D:8      | Noticed Prince Ribbit
 10663 | D:8      | Killed Prince Ribbit
 10932 | Lair:1   | Entered Level 1 of the Lair of Beasts
 11275 | Lair:1   | Reached XP level 11. HP: 93/93 MP: 11/11
 11306 | Lair:1   | Reached skill level 5 in Fighting
 11306 | Lair:1   | Reached skill level 5 in Unarmed Combat
 11309 | Lair:1   | Slain by a komodo dragon

Illustrated notes

Levels and vault maps discovered:
D:1:      lightli_molten_gateway, layout_basic, serial_shops, shop,
          serial_rivers, chequers_serial_rivers_micro_c,
          chequers_serial_rivers_marsh, chequers_serial_rivers_small_a,
          chequers_serial_rivers_small_a, nrook_mini_vaults
D:2:      layout_basic, basic_altar, st_stairs_13
D:3:      layout_basic, serial_shops, shop
D:4:      layout_basic, mainiacjoe_overflow_catwalk, temple_doors_cd,
          serial_forest, infiniplex_forest_clump_long, infiniplex_forest_3_way,
          infiniplex_forest_corner_1, infiniplex_forest_straight_1,
          infiniplex_forest_lined_2, infiniplex_forest_straight_1,
          infiniplex_forest_lined_1, infiniplex_forest_clump_double,
          infiniplex_forest_clump_curved, uniq_robin
D:5:      layout_rooms
D:6:      nicolae_BIG_FREAKIN_CUBE, layout_basic,
          minmay_overflow_temple_star_quad, gup_sewer_entry_bubbles,
          hangedman_decor_riveting, minmay_shop_damaged
D:7:      layout_basic, mainiacjoe_overflow_boulevard, uniq_joseph
D:8:      layout_basic, nicolae_tso_swordbearing_angel, dpeg_oklobed_lair,
          nicolae_elemental_shop, nicolae_transmutations_shop, glass_columns_a,
          minmay_fractal_squares_gapless_5, uniq_prince_ribbit1
D:9:      layout_basic, nzn_wu_jian_contemplation, erik_orc_4
Temple:   hellmonk_temple_two_chambers
Lair:1:   layout_chaotic_city, bh_autumn_forest_stairs, grunt_megastairs_2

Skill      XL: |  1  2  3  4  5  6  7  8  9 10 11 |
---------------+----------------------------------+-----
Stealth        | 2 4 |  4.0
Dodging        | 2 3 4 |  4.0
Fighting       | 3 4 5 |  5.0
Unarmed Combat | 3 4 5 |  5.0
Shapeshifting  | 4 5 6 9 11 | 11.8
Armour         | 2 3 |  3.0
Evocations     | 2 |  2.0

Action                     |  1- 3 |  4- 6 |  7- 9 | 10-12 || total
---------------------------+-------+-------+-------+-------++-------
  Melee: Unarmed           |    51 |   129 |   420 |   204 ||   804
         Punch             |     1 |     5 |     7 |     8 ||    21
         Spear             |       |       |     5 |       ||     5
         Constrict         |       |       |     8 |       ||     8
  Throw: Dart              |       |     2 |       |       ||     2
 Invoke: Potion Petition   |       |       |     1 |       ||     1
Ability: Spit Poison       |    38 |    27 |    66 |    22 ||   153
         Begin Untransform |       |     1 |     1 |       ||     2
  Evoke: Wand              |       |       |     5 |     1 ||     6
    Use: Potion            |       |     2 |     6 |       ||     8
         Scroll            |       |       |    11 |     1 ||    12
   Stab: Distracted        |       |       |     3 |     4 ||     7
         Paralysed         |       |       |     3 |       ||     3
         Sleeping          |       |       |     1 |     1 ||     2
 Armour: Animal skin       |    14 |    38 |    73 |       ||   125
         Skin              |       |     8 |    28 |       ||    36
         Leather armour    |       |       |   150 |   104 ||   254
  Dodge: Dodged            |    18 |    65 |   220 |   105 ||   408
   Form: Blade             |       |       |     1 |       ||     1
         Anaconda          |       |       |     1 |       ||     1

Table legend: (Time is in decaauts)
 A = Elapsed time spent in this place.
 B = Non-inter-level travel time spent in this place.
 C = Inter-level travel time spent in this place.
 D = Time resting spent in this place.
 E = Time spent auto-exploring this place.
 F = Levels seen in this place.
 G = Mean time per level.
                   A        B        C        D        E       F      G
               +--------+--------+--------+--------+--------+-----+--------+
         Total |  13512 |  12724 |    788 |   3339 |   5104 |  12 | 1126.0 |
       Dungeon |  13043 |  12256 |    787 |   3187 |   5104 |   9 | 1449.2 |
        Temple |     21 |     21 |      0 |      0 |      0 |   1 |   21.0 |
          Lair |    195 |    195 |      0 |     57 |      0 |   1 |  195.0 |
         Sewer |    252 |    252 |      0 |     94 |      0 |   1 |  252.0 |
               +--------+--------+--------+--------+--------+-----+--------+

Top non-repeatable levels by time:
     D:4: 1915 daAuts
     D:7: 1873 daAuts
     D:8: 1818 daAuts
     D:6: 1596 daAuts
     D:9: 1494 daAuts
     D:5: 1197 daAuts
     D:1: 1159 daAuts
     D:3: 1154 daAuts
     D:2: 834 daAuts
   Sewer: 252 daAuts
  Lair:1: 195 daAuts
  Temple: 21 daAuts
